 Dungeon Crawl Stone Soup version 0.21.1-1-g345015f (webtiles) character file.

4356 tidbits the Martial Artist (level 10, -14/91 HPs)
             Began as a Gnoll Transmuter on Feb 16, 2018.
             Was a Believer of Cheibriados.
             Demolished by a mana viper (17 damage)
             ... on level 2 of the Snake Pit.
             The game lasted 00:23:38 (1733 turns).

tidbits the Martial Artist (Gnoll Transmuter)       Turns: 1733, Time: 00:23:39

Health: -14/91     AC:  7    Str: 17    XL:     10   Next: 34%
Magic:  0/20       EV: 15    Int: 23    God:    Cheibriados [**....]
Gold:   335        SH:  0    Dex: 19    Spells: 5/23 levels left

rFire    x . .     SeeInvis .     - Unarmed
rCold    + + +     Gourm    .   (shield currently unavailable)
rNeg     . . .     Faith    .   (armour currently unavailable)
rPois    +         Spirit   .   (helmet currently unavailable)
rElec    .         Reflect  .   (cloak currently unavailable)
rCorr    .         Harm     .   (gloves currently unavailable)
MR       +....                  (boots currently unavailable)
Stlth    +++.......             (no amulet)
HPRegen  0.25/turn              H - ring of protection from magic
MPRegen  0.17/turn              r - ring of flight

@: ice-form, very slow
A: large, distributed training, strong nose
a: End Transformation, Bend Time, Renounce Religion, Evoke Flight


You were on level 2 of the Snake Pit.
You worshipped Cheibriados.
Cheibriados was pleased with you.
You were not hungry.
You were a creature of crystalline ice.
You visited 3 branches of the dungeon, and saw 14 of its levels.

You collected 335 gold pieces.

Inventory:

Hand Weapons
 b - the +8 hunting sling "Wini Isis" (melded) {flame, rPois Dex+3}
   (You found it on level 2 of the Snake Pit)

   It causes projectiles fired from it to burn those they strike, causing extra
   injury to most foes and up to half again as much damage against particularly
   susceptible opponents.
   It affects your dexterity (+3).
   It protects you from poison.
 g - a +0 dagger
 l - a +0 flail
 m - a +0 halberd
 q - a cursed -1 scimitar
 C - a +0 rapier of distortion
   (You found it on level 2 of the Snake Pit)
Missiles
 h - 56 sling bullets
 j - 4 javelins (quivered)
 o - 34 arrows
 D - 21 stones
Armour
 A - a +0 robe
 B - the +1 robe of a labyrinth (melded) {Regen+ Dex+4}
   (You found it on level 8 of the Dungeon)

   It affects your dexterity (+4).
   It increases your rate of regeneration.
 E - a +1 helmet (melded)
Jewellery
 p - an uncursed ring of fire
   (You found it on level 5 of the Dungeon)
 r - a ring of flight (right front paw)
   (You found it on level 2 of the Lair of Beasts)
 H - a ring of protection from magic (left front paw)
   (You took it off an orc on level 5 of the Dungeon)
Wands
 a - a wand of flame (20)
 s - a wand of polymorph (9)
Scrolls
 f - a scroll of acquirement {unknown}
 i - a scroll of fear
Potions
 k - 2 potions of might
 t - a potion of flight
 w - a potion of curing
 x - a potion of invisibility {unknown}
Books
 c - a book of Changes

   Spells                             Type                      Level
   a - Beastly Appendage              Transmutation                1
   b - Sticks to Snakes               Transmutation                2
   c - Spider Form                    Transmutation/Poison         3
   d - Ice Form                       Ice/Transmutation            4
   e - Blade Hands                    Transmutation                5
 n - a book of Minor Magic
   (You found it on level 4 of the Dungeon)

   Spells                             Type                      Level
   a - Magic Dart                     Conjuration                  1
   b - Blink                          Translocation                2
   c - Call Imp                       Summoning                    2
   d - Slow                           Hexes                        2
   e - Conjure Flame                  Conjuration/Fire             3
   f - Mephitic Cloud                 Conjuration/Poison/Air       3
 y - a book of Maledictions
   (You found it on level 3 of the Lair of Beasts)

   Spells                             Type                      Level
   a - Corona                         Hexes                        1
   b - Ensorcelled Hibernation        Hexes/Ice                    2
   c - Confuse                        Hexes                        3
   d - Tukima's Dance                 Hexes                        3
   e - Dazzling Spray                 Conjuration/Hexes            3
Comestibles
 d - 7 rations
 z - 4 chunks of flesh


   Skills:
 + Level 5.8 Fighting
 + Level 5.1 Short Blades
 + Level 5.1 Long Blades
 + Level 5.1 Axes
 + Level 5.1 Maces & Flails
 + Level 5.1 Polearms
 + Level 5.1 Staves
 + Level 5.1 Slings
 + Level 5.1 Bows
 + Level 5.1 Crossbows
 + Level 5.1 Throwing
 + Level 5.1 Armour
 + Level 6.9 Dodging
 + Level 5.1 Stealth
 + Level 5.1 Shields
 + Level 8.4 Unarmed Combat
 + Level 7.2 Spellcasting
 + Level 4.2 Conjurations
 + Level 4.2 Hexes
 + Level 4.2 Charms
 + Level 4.2 Summonings
 + Level 4.2 Necromancy
 + Level 4.2 Translocations
 + Level 5.7 Transmutations
 + Level 4.2 Fire Magic
 + Level 4.2 Ice Magic
 + Level 4.2 Air Magic
 + Level 4.2 Earth Magic
 + Level 4.2 Poison Magic
 + Level 5.6 Invocations
 + Level 5.1 Evocations


You had 5 spell levels left.
You knew the following spells:

 Your Spells              Type           Power        Failure   Level  Hunger
b - Blink                 Tloc           N/A          1%          2    None
c - Conjure Flame         Conj/Fire      ####....     4%          3    None
e - Beastly Appendage     Tmut           ####..       1%          1    None
i - Ice Form              Ice/Tmut       ####....     10%         4    ###....
k - Sticks to Snakes      Tmut           ####....     1%          2    None
m - Mephitic Cloud        Conj/Pois/Air  ####....     4%          3    None
p - Spider Form           Tmut/Pois      ####......   3%          3    None


Dungeon Overview and Level Annotations

Branches:
Dungeon (8/15)               Lair (4/6) D:8           Snake (2/4) Lair:2
 Temple: D:4-7        Swamp: Lair:2-4    Shoals: Lair:2-4

Altars:
Cheibriados
Elyvilon

Annotations:
D:8 Lair
Lair:2 Gastronok
Snake:1 Frances


Innate Abilities, Weirdness & Mutations

Your experience applies equally to all skills.
((You have very sharp teeth.))
Your uncanny sense of smell can sniff out nearby items.


Message History

The black mamba barely misses you.
You pummel the black mamba!!
The black mamba seems to slow down.
You freeze the black mamba.
The black mamba is severely wounded.
You hear an angry hiss.
The black mamba bites you!
You pummel the black mamba!! You freeze the black mamba.
You kill the black mamba!
Cheibriados thoroughly appreciates the change of pace.
Cheibriados raises the support of your attributes as your movement slows.
Your Short Blades skill increases to level 5!
Your Long Blades skill increases to level 5!
Your Axes skill increases to level 5!
Your Maces & Flails skill increases to level 5!
Your Polearms skill increases to level 5!
Your Staves skill increases to level 5!
Your Slings skill increases to level 5!
Your Bows skill increases to level 5!
Your Crossbows skill increases to level 5!
Your Throwing skill increases to level 5!
Your Armour skill increases to level 5!
Your Stealth skill increases to level 5!
Your Shields skill increases to level 5!
Your Evocations skill increases to level 5! 2 mana vipers come into view.
You hit the mana viper.
The mana viper seems to slow down.
You freeze the mana viper.
The mana viper is lightly wounded.
The mana viper bites you!
You feel your power leaking away.
You barely miss the mana viper.
The mana viper is lightly wounded.
The mana viper bites you!
You feel your power leaking away.
You miss the mana viper.
The mana viper is lightly wounded.
You hit the mana viper. You freeze the mana viper.
The mana viper is lightly wounded.
The mana viper barely misses you.
You closely miss the mana viper.
The mana viper is lightly wounded.
The mana viper misses you.
You pummel the mana viper!! You freeze the mana viper.
The mana viper is severely wounded.
The mana viper is no longer moving slowly.
The mana viper bites you but does no damage.
You barely miss the mana viper.
The mana viper is severely wounded.
The mana viper bites you!
You feel your power leaking away.
You closely miss the mana viper.
The mana viper is severely wounded.
The mana viper barely misses you.
You miss the mana viper.
The mana viper is severely wounded.
The mana viper bites you but does no damage.
You punch the mana viper! You freeze the mana viper.
The mana viper is almost dead.
The mana viper completely misses you.
You barely miss the mana viper.
The mana viper is almost dead.
The mana viper bites you!
* * * LOW HITPOINT WARNING * * *
You hit the mana viper.
The mana viper seems to slow down.
You freeze the mana viper.
You kill the mana viper!
Cheibriados thoroughly appreciates the change of pace.
You don't have enough magic at the moment.
Okay, then.
You closely miss the mana viper. The mana viper bites you!
* * * LOW HITPOINT WARNING * * *
You feel your power leaking away. The mana viper misses you.
Your magical contamination has completely faded away.
Unknown command.
You hit the mana viper. You freeze the mana viper.
The mana viper is lightly wounded.
The mana viper barely misses you.
You punch the mana viper! You freeze the mana viper!
The mana viper is heavily wounded.
The mana viper bites you but does no damage.
You closely miss the mana viper.
The mana viper is heavily wounded.
The mana viper bites you!
* * * LOW HITPOINT WARNING * * *
You closely miss the mana viper.
The mana viper is heavily wounded.
The mana viper barely misses you. The mana viper bites you!
* * * LOW HITPOINT WARNING * * *
It was a potion of heal wounds.
You feel much better. The mana viper bites you!!
* * * LOW HITPOINT WARNING * * *
You barely miss the mana viper.
The mana viper is heavily wounded.
The mana viper bites you!
* * * LOW HITPOINT WARNING * * *
You feel your power leaking away.
You hit the mana viper. You freeze the mana viper.
The mana viper is severely wounded.
The mana viper bites you!
You die...

#.. #.. #. ##.(
#. ##... #. #....
##. #...†##
..#######.. #..##
#......<...
###S##
##...(..... ##Y##
########..
##.####### #..
#...##..#### #..
##.........###..#
##...###......##
##### ##.....#
#.....# #.....#
#..###.#


You could see a mana viper.

Vanquished Creatures
  A mana viper (Snake:2)
  A black mamba (Snake:2)
  A spiny frog (Lair:3)
  The ghost of NorthaanB the Skirmisher, a novice DsGl of Makhleb (D:5)
  A komodo dragon (Lair:2)
  Grinder (D:6)
  2 hippogriffs
  A wyvern (Lair:3)
  2 nagas (Lair:2)
  2 porcupines
  An orc warrior (D:8)
  2 sky beasts
  4 ice beasts (Lair:2)
  An ogre (D:5)
  3 crocodiles
  4 bullfrogs
  A scorpion (D:8)
  2 hounds
  A bullfrog skeleton (D:4)
  2 orc priests (D:5)
  2 jellies (D:8)
  An orc wizard (D:5)
  A worker ant (D:6)
  3 adders
  3 gnolls (D:5)
  A howler monkey skeleton (D:6)
  A shadow imp (D:7)
  2 dart slugs
  6 orcs
  3 hobgoblins
  2 quokkas
  A ball python (D:4)
  3 frilled lizards
  A kobold (D:1)
  A rat (D:2)
65 creatures vanquished.

Vanquished Creatures (collateral kills)
  A wolf (D:6)
  A gnoll (D:5)
  3 orcs (D:5)
5 creatures vanquished.

Vanquished Creatures (others)
  A fungus (Lair:2)
  2 plants (Snake:2)
3 creatures vanquished.

Grand Total: 73 creatures vanquished

Notes
Turn   | Place    | Note
-------+----------+-------------------------------------------
     0 | D:1      | tidbits the Gnoll Transmuter began the quest for the Orb.
     0 | D:1      | Reached XP level 1. HP: 17/17 MP: 6/6
    77 | D:1      | Reached XP level 2. HP: 23/23 MP: 5/7
    81 | D:1      | Learned a level 2 spell: Sticks to Snakes
   175 | D:3      | Reached skill level 5 in Spellcasting
   175 | D:3      | Reached XP level 3. HP: 28/28 MP: 6/9
   183 | D:3      | Learned a level 3 spell: Spider Form
   381 | D:4      | Reached skill level 1 in Short Blades
   381 | D:4      | Reached skill level 1 in Long Blades
   381 | D:4      | Reached skill level 1 in Axes
   381 | D:4      | Reached skill level 1 in Maces & Flails
   381 | D:4      | Reached skill level 1 in Polearms
   381 | D:4      | Reached skill level 1 in Staves
   381 | D:4      | Reached skill level 1 in Slings
   381 | D:4      | Reached skill level 1 in Bows
   381 | D:4      | Reached skill level 1 in Crossbows
   381 | D:4      | Reached skill level 1 in Throwing
   381 | D:4      | Reached skill level 1 in Armour
   381 | D:4      | Reached skill level 1 in Stealth
   381 | D:4      | Reached skill level 1 in Shields
   381 | D:4      | Reached skill level 1 in Invocations
   381 | D:4      | Reached skill level 1 in Evocations
   381 | D:4      | Reached XP level 4. HP: 34/34 MP: 4/11
   391 | D:4      | Learned a level 2 spell: Blink
   424 | D:5      | Entered Level 5 of the Dungeon
   446 | D:5      | Noticed a sky beast
   457 | D:5      | Killed a sky beast
   457 | D:5      | Reached skill level 1 in Conjurations
   457 | D:5      | Reached skill level 1 in Hexes
   457 | D:5      | Reached skill level 1 in Charms
   457 | D:5      | Reached skill level 1 in Summonings
   457 | D:5      | Reached skill level 1 in Necromancy
   457 | D:5      | Reached skill level 1 in Translocations
   457 | D:5      | Reached skill level 1 in Fire Magic
   457 | D:5      | Reached skill level 1 in Ice Magic
   457 | D:5      | Reached skill level 1 in Air Magic
   457 | D:5      | Reached skill level 1 in Earth Magic
   457 | D:5      | Reached skill level 1 in Poison Magic
   457 | D:5      | Reached XP level 5. HP: 25/40 MP: 6/12
   462 | D:5      | Reached skill level 3 in Fighting
   462 | D:5      | Reached skill level 4 in Transmutations
   484 | D:6      | Noticed Grinder
   565 | D:5      | Found a snail-covered altar of Cheibriados.
   569 | D:5      | Became a worshipper of Cheibriados the Contemplative
   589 | D:6      | Noticed an orc warrior
   598 | D:5      | Reached skill level 2 in Invocations
   598 | D:5      | Reached XP level 6. HP: 35/47 MP: 9/13
   672 | D:5      | Noticed NorthaanB's ghost (novice DsGl)
   681 | D:5      | Learned a level 3 spell: Conjure Flame
   701 | D:5      | Reached skill level 2 in Short Blades
   701 | D:5      | Reached skill level 2 in Long Blades
   701 | D:5      | Reached skill level 2 in Axes
   701 | D:5      | Reached skill level 2 in Maces & Flails
   701 | D:5      | Reached skill level 2 in Polearms
   701 | D:5      | Reached skill level 2 in Staves
   701 | D:5      | Reached skill level 2 in Slings
   701 | D:5      | Reached skill level 2 in Bows
   701 | D:5      | Reached skill level 2 in Crossbows
   701 | D:5      | Reached skill level 2 in Throwing
   701 | D:5      | Reached skill level 2 in Armour
   701 | D:5      | Reached skill level 5 in Dodging
   701 | D:5      | Reached skill level 2 in Stealth
   701 | D:5      | Reached skill level 2 in Shields
   701 | D:5      | Reached skill level 2 in Evocations
   715 | D:5      | Killed NorthaanB's ghost
   715 | D:5      | Reached skill level 7 in Unarmed Combat
   715 | D:5      | Reached skill level 2 in Conjurations
   715 | D:5      | Reached skill level 2 in Hexes
   715 | D:5      | Reached skill level 2 in Charms
   715 | D:5      | Reached skill level 2 in Summonings
   715 | D:5      | Reached skill level 2 in Necromancy
   715 | D:5      | Reached skill level 2 in Translocations
   715 | D:5      | Reached skill level 2 in Fire Magic
   715 | D:5      | Reached skill level 2 in Ice Magic
   715 | D:5      | Reached skill level 2 in Air Magic
   715 | D:5      | Reached skill level 2 in Earth Magic
   715 | D:5      | Reached skill level 2 in Poison Magic
   715 | D:5      | Reached XP level 7. HP: 9/52 MP: 10/15
   735 | D:6      | Killed Grinder
   735 | D:6      | Reached skill level 3 in Invocations
   743 | D:6      | Reached XP level 8. HP: 12/60 MP: 9/16
   784 | D:6      | Reached skill level 4 in Fighting
   840 | D:6      | Reached skill level 3 in Short Blades
   840 | D:6      | Reached skill level 3 in Long Blades
   840 | D:6      | Reached skill level 3 in Axes
   840 | D:6      | Reached skill level 3 in Maces & Flails
   840 | D:6      | Reached skill level 3 in Polearms
   840 | D:6      | Reached skill level 3 in Staves
   840 | D:6      | Reached skill level 3 in Slings
   840 | D:6      | Reached skill level 3 in Bows
   840 | D:6      | Reached skill level 3 in Crossbows
   840 | D:6      | Reached skill level 3 in Throwing
   840 | D:6      | Reached skill level 3 in Armour
   840 | D:6      | Reached skill level 3 in Stealth
   840 | D:6      | Reached skill level 3 in Shields
   840 | D:6      | Reached skill level 3 in Evocations
   892 | D:7      | Found a white marble altar of Elyvilon.
   896 | D:7      | HP: 5/60 [sky beast (6)]
   942 | D:7      | Reached skill level 6 in Spellcasting
   951 | D:7      | Reached * piety under Cheibriados
   983 | D:8      | Got a fine robe
   994 | D:8      | Identified the +1 robe of a labyrinth {Regen+ Dex+4} (You found it on level 8 of the Dungeon)
  1003 | D:8      | Learned a level 3 spell: Mephitic Cloud
  1033 | D:8      | Noticed a hippogriff
  1048 | D:8      | Killed a hippogriff
  1194 | D:8      | Reached skill level 3 in Conjurations
  1194 | D:8      | Reached skill level 3 in Hexes
  1194 | D:8      | Reached skill level 3 in Charms
  1194 | D:8      | Reached skill level 3 in Summonings
  1194 | D:8      | Reached skill level 3 in Necromancy
  1194 | D:8      | Reached skill level 3 in Translocations
  1194 | D:8      | Reached skill level 3 in Fire Magic
  1194 | D:8      | Reached skill level 3 in Ice Magic
  1194 | D:8      | Reached skill level 3 in Air Magic
  1194 | D:8      | Reached skill level 3 in Earth Magic
  1194 | D:8      | Reached skill level 3 in Poison Magic
  1194 | D:8      | Reached skill level 4 in Invocations
  1206 | D:8      | Found a staircase to the Lair.
  1216 | D:8      | Reached skill level 6 in Dodging
  1216 | D:8      | Reached XP level 9. HP: 63/66 MP: 15/18
  1218 | D:8      | Reached skill level 5 in Transmutations
  1224 | Lair:1   | Entered Level 1 of the Lair of Beasts
  1280 | Lair:2   | Reached skill level 4 in Short Blades
  1280 | Lair:2   | Reached skill level 4 in Long Blades
  1280 | Lair:2   | Reached skill level 4 in Axes
  1280 | Lair:2   | Reached skill level 4 in Maces & Flails
  1280 | Lair:2   | Reached skill level 4 in Polearms
  1280 | Lair:2   | Reached skill level 4 in Staves
  1280 | Lair:2   | Reached skill level 4 in Slings
  1280 | Lair:2   | Reached skill level 4 in Bows
  1280 | Lair:2   | Reached skill level 4 in Crossbows
  1280 | Lair:2   | Reached skill level 4 in Throwing
  1280 | Lair:2   | Reached skill level 4 in Armour
  1280 | Lair:2   | Reached skill level 4 in Stealth
  1280 | Lair:2   | Reached skill level 4 in Shields
  1280 | Lair:2   | Reached skill level 4 in Evocations
  1353 | Lair:2   | Learned a level 4 spell: Ice Form
  1381 | Lair:2   | Noticed an ice dragon
  1384 | Lair:2   | Reached skill level 5 in Fighting
  1404 | Lair:2   | Noticed Gastronok
  1452 | Lair:3   | Noticed a spiny frog
  1466 | Lair:3   | Killed a spiny frog
  1466 | Lair:3   | Reached skill level 8 in Unarmed Combat
  1515 | Lair:4   | Reached skill level 5 in Invocations
  1589 | Lair:2   | Noticed a komodo dragon
  1603 | Lair:2   | Killed a komodo dragon
  1603 | Lair:2   | Reached skill level 7 in Spellcasting
  1603 | Lair:2   | Reached XP level 10. HP: 22/74 MP: 16/20
  1638 | Lair:2   | Found a staircase to the Snake Pit.
  1645 | Lair:2   | Reached skill level 4 in Conjurations
  1645 | Lair:2   | Reached skill level 4 in Hexes
  1645 | Lair:2   | Reached skill level 4 in Charms
  1645 | Lair:2   | Reached skill level 4 in Summonings
  1645 | Lair:2   | Reached skill level 4 in Necromancy
  1645 | Lair:2   | Reached skill level 4 in Translocations
  1645 | Lair:2   | Reached skill level 4 in Fire Magic
  1645 | Lair:2   | Reached skill level 4 in Ice Magic
  1645 | Lair:2   | Reached skill level 4 in Air Magic
  1645 | Lair:2   | Reached skill level 4 in Earth Magic
  1645 | Lair:2   | Reached skill level 4 in Poison Magic
  1662 | Snake:1  | Entered Level 1 of the Snake Pit
  1668 | Snake:1  | Noticed Frances
  1673 | Snake:2  | Got a crystal hunting sling
  1680 | Snake:2  | Identified the +8 hunting sling "Wini Isis" {flame, rPois Dex+3} (You found it on level 2 of the Snake Pit)
  1706 | Snake:2  | Noticed a black mamba
  1711 | Snake:2  | Killed a black mamba
  1711 | Snake:2  | Reached ** piety under Cheibriados
  1711 | Snake:2  | Reached skill level 5 in Short Blades
  1711 | Snake:2  | Reached skill level 5 in Long Blades
  1711 | Snake:2  | Reached skill level 5 in Axes
  1711 | Snake:2  | Reached skill level 5 in Maces & Flails
  1711 | Snake:2  | Reached skill level 5 in Polearms
  1711 | Snake:2  | Reached skill level 5 in Staves
  1711 | Snake:2  | Reached skill level 5 in Slings
  1711 | Snake:2  | Reached skill level 5 in Bows
  1711 | Snake:2  | Reached skill level 5 in Crossbows
  1711 | Snake:2  | Reached skill level 5 in Throwing
  1711 | Snake:2  | Reached skill level 5 in Armour
  1711 | Snake:2  | Reached skill level 5 in Stealth
  1711 | Snake:2  | Reached skill level 5 in Shields
  1711 | Snake:2  | Reached skill level 5 in Evocations
  1712 | Snake:2  | Noticed a mana viper
  1712 | Snake:2  | Noticed a mana viper
  1725 | Snake:2  | Killed a mana viper
  1732 | Snake:2  | HP: 2/91 [mana viper (9)]
  1733 | Snake:2  | Demolished by a mana viper

Skill      XL: |  1  2  3  4  5  6  7  8  9 10 |
---------------+-------------------------------+-----
Spellcasting   | 5 6 7 |  7.2
Short Blades   | 1 2 3 4 5 |  5.1
Long Blades    | 1 2 3 4 5 |  5.1
Axes           | 1 2 3 4 5 |  5.1
Maces & Flails | 1 2 3 4 5 |  5.1
Polearms       | 1 2 3 4 5 |  5.1
Staves         | 1 2 3 4 5 |  5.1
Slings         | 1 2 3 4 5 |  5.1
Bows           | 1 2 3 4 5 |  5.1
Crossbows      | 1 2 3 4 5 |  5.1
Throwing       | 1 2 3 4 5 |  5.1
Armour         | 1 2 3 4 5 |  5.1
Stealth        | 1 2 3 4 5 |  5.1
Shields        | 1 2 3 4 5 |  5.1
Invocations    | 1 2 3 4 5 |  5.6
Evocations     | 1 2 3 4 5 |  5.1
Conjurations   | 1 2 3 4 |  4.2
Hexes          | 1 2 3 4 |  4.2
Charms         | 1 2 3 4 |  4.2
Summonings     | 1 2 3 4 |  4.2
Necromancy     | 1 2 3 4 |  4.2
Translocations | 1 2 3 4 |  4.2
Fire Magic     | 1 2 3 4 |  4.2
Ice Magic      | 1 2 3 4 |  4.2
Air Magic      | 1 2 3 4 |  4.2
Earth Magic    | 1 2 3 4 |  4.2
Poison Magic   | 1 2 3 4 |  4.2
Fighting       | 3 4 5 |  5.8
Transmutations | 4 5 |  5.7
Dodging        | 5 6 |  6.9
Unarmed Combat | 7 8 |  8.4

Action                   |  1- 3 |  4- 6 |  7- 9 | 10-12 || total
-------------------------+-------+-------+-------+-------++-------
Melee: Unarmed           |    33 |    44 |   120 |    26 ||   223
       Kick              |     6 |       |       |       ||     6
       Bite              |     4 |       |       |       ||     4
       Punch             |     1 |       |       |       ||     1
       Dagger            |       |       |     5 |       ||     5
 Fire: Hunting sling     |       |       |       |     1 ||     1
 Cast: Beastly Appendage |     9 |       |       |       ||     9
       Spider Form       |     1 |     7 |    15 |       ||    23
       Sticks to Snakes  |     1 |     6 |     6 |     1 ||    14
       Mephitic Cloud    |       |       |     1 |       ||     1
       Ice Form          |       |       |     2 |     2 ||     4
Invok: Bend Time         |       |       |     1 |       ||     1
 Abil: End Transformatio |       |       |     4 |     1 ||     5
Evoke: Wand              |       |       |     3 |       ||     3
  Use: Scroll            |     1 |     3 |     3 |     2 ||     9
       Potion            |       |     4 |     1 |     1 ||     6
 Stab: Sleeping          |     1 |       |     5 |       ||     6
       Confused          |       |       |     1 |       ||     1
  Eat: Chunk             |       |       |     2 |     1 ||     3
Armor: Robe              |     1 |     2 |       |       ||     3
       Skin              |       |       |    10 |     4 ||    14
Dodge: Dodged            |    19 |    43 |    98 |    11 ||   171

Table legend:
 A = Turns spent in this place as a percentage of turns spent in the entire game.
 B = Non-inter-level travel turns spent in this place as a percentage of non-inter-level travel turns spent in the entire game.
 C = Inter-level travel turns spent in this place as a percentage of turns spent in this place.
 D = Turns resting spent in this place as a percentage of non-inter-level travel turns spent in this place.
 E = Turns spent auto-exploring this place as a percentage of non-inter-level travel turns spent in this place.
 F = Non-inter-level travel turns spent in this place divided by the number of levels of this place that you've seen.
                   A       B       C       D       E      F
               +-------+-------+-------+-------+-------+----------------------
         Total | 100.0 | 100.0 |   0.0 |   0.0 |   0.0 | 123.8
       Dungeon |  70.6 |  70.6 |   0.0 |   0.0 |   0.0 | 153.0
          Lair |  25.3 |  25.3 |   0.0 |   0.0 |   0.0 | 109.5
     Snake Pit |   4.1 |   4.1 |   0.0 |   0.0 |   0.0 |  35.5
               +-------+-------+-------+-------+-------+----------------------

Table legend:
 A = Kills in this place as a percentage of kills in entire the game.
 B = Kills by you in this place as a percentage of kills by you in the entire game.
 C = Kills by friends in this place as a percentage of kills by friends in the entire game.
 D = Other kills in this place as a percentage of other kills in the entire game.
 E = Experience gained in this place as a percentage of experience gained in the entire game.
 F = Experience gained in this place divided by the number of levels of this place that you have seen.
                   A       B       C       D       E      F
               +-------+-------+-------+-------+-------+----------------------
         Total | 100.0 | 100.0 | 100.0 |   N/A | 100.0 | 444.6
       Dungeon |  75.7 |  73.8 | 100.0 |   N/A |  40.7 | 317.0
          Lair |  21.4 |  23.1 |   0.0 |   N/A |  42.6 | 663.0
     Snake Pit |   2.9 |   3.1 |   0.0 |   N/A |  16.6 | 518.0
               +-------+-------+-------+-------+-------+----------------------

Vault maps used:
D:1:      dpeg_arrival_rooms_a, wad_floor_pattern_2,
          minmay_misc_feat_more_columns
D:2:      lemuel_round_altar
D:4:      temple_statues, kennysheep_generic_room_11
D:5:      minitemple, first_ration
D:6:      kennysheep_little_box, uniq_grinder, uniq_pikel
D:7:      lemuel_crystal_altar, grunt_ogre_cave, uniq_crazy_yiuf_cottage
D:8:      grunt_lair_entry_orc_guard_hut, nicolae_ossuary_entry_plus
Lair:1:   grunt_forest_large_clearings
Lair:2:   minmay_shoals_entry_beasts, guppyfry_snake_entry_garden, ice2_lemuel,
          lemuel_fruit_fields, serial_bayou_shore_a, uniq_gastronok
Lair:3:   serial_bayou_lagoon_b
Snake:1:  minmay_shop_star, uniq_asterion, uniq_aizul, uniq_louise, uniq_agnes,
          uniq_frances
Snake:2:  serial_shops, nicolae_shop_overgrown_old_shop,
          nicolae_shop_overgrown_old_shop
